 Dungeon Crawl Stone Soup version 0.24-a0-512-g2b48af375b (webtiles) character file.

Game seed: 11498615732195612134

560 KapersCrawl the Twirler (level 7, -5/52 (54) HPs)
             Began as a Human Gladiator on July 20, 2019.
             Was an Initiate of Cheibriados.
             Slain by an ogre
             ... wielding a +0 giant spiked club
              (23 damage)
             ... on level 5 of the Dungeon.
             The game lasted 00:15:14 (5215 turns).

KapersCrawl the Twirler (Human Gladiator)           Turns: 5215, Time: 00:15:15

HP:   -5/52 (54)    AC:  7    Str: 15    XL:     7   Next: 57%
MP:   0/8           EV: 12    Int: 12    God:    Cheibriados [......]
Gold: 227           SH:  0    Dex: 15    Spells: 6/6 levels left

rFire    . . .     SeeInvis .   w - +0 hunting sling
rCold    . . .     Gourm    .   (no shield)
rNeg     . . .     Faith    .   E - +0 ring mail
rPois    .         Spirit   +   c - +0 helmet
rElec    .         Reflect  .   (no cloak)
rCorr    .         Harm     .   C - +0 pair of gloves (curse)
MR       .....                  (no boots)
Stlth    ++........             t - amulet of guardian spirit
HPRegen  0.17/turn              (no ring)
MPRegen  0.11/turn              (no ring)

@: very slow
A: no striking features
a: Bend Time, Renounce Religion


You were on level 5 of the Dungeon.
You worshipped Cheibriados.
Cheibriados was noncommittal.
You were not hungry.

You visited 1 branch of the dungeon, and saw 5 of its levels.

You collected 227 gold pieces.

Inventory:

Hand Weapons
 a - a +0 quarterstaff
 e - a +1 whip of venom
 q - a +4 dagger
 w - a +0 hunting sling (weapon)
Missiles
 d - 3 throwing nets
 g - 148 stones
 o - 11 javelins
 y - 14 sling bullets (quivered)
 A - 5 curare-tipped darts
 F - 8 poisoned darts
Armour
 c - a +0 helmet (worn)
 h - a cursed +0 buckler
 C - a cursed +0 pair of gloves (worn)
 E - a +0 ring mail (worn)
Jewellery
 b - a +4 ring of strength {unknown}
 t - an amulet of guardian spirit (around neck)
Wands
 B - a wand of scattershot (3)
Scrolls
 i - a scroll of enchant weapon {unknown}
 j - 3 scrolls of teleportation
 l - a scroll of fog
 p - 4 scrolls of fear
 r - a scroll of amnesia {unknown}
 s - 5 scrolls of remove curse {unknown}
 x - a scroll of enchant armour {unknown}
 D - a scroll of magic mapping {unknown}
Potions
 k - 2 potions of heal wounds
 m - 2 potions of curing {unknown}
 n - a potion of brilliance {unknown}
 u - 2 potions of might {unknown}
 v - a potion of mutation
 z - a potion of degeneration {unknown}
Comestibles
 f - 8 rations
 G - 3 chunks of flesh


   Skills:
 + Level 4.0 Fighting
 + Level 4.6 Staves
 - Level 2.0 Throwing
 - Level 2.0 Armour
 - Level 3.0 Dodging
 + Level 3.5 Stealth
 + Level 2.7 Shields
 + Level 2.0 Invocations


You had 6 spell levels left.
You didn't know any spells.
Your spell library was empty.

Dungeon Overview and Level Annotations

Branches:
Dungeon (5/15)
 Temple: D:4-7

Altars:
Cheibriados
Elyvilon
Hepliaklqana
Kikubaaqudgha
Qazlal

Annotations:
D:1 exclusion: downstairs
D:2 1 runed translucent door, Crazy Yiuf
D:4 exclusions: Menkaure and 1 more exclusion, Edmund, Eustachio


Message History

You feel slightly more hungry.
You don't have enough magic at the moment.
Okay, then.
Unknown command.
Throwing (i - inventory. (/) - cycle)
F - 9 poisoned darts (quivered)
Press: ? - help, Shift-Dir - straight line, f/p - ogre
Aim: an ogre, wielding a +0 giant spiked club (severely wounded, poisoned)
You throw a poisoned dart. The poisoned dart hits the ogre.
The ogre looks even sicker.
The ogre is severely wounded.
The ogre hits you with a +0 giant spiked club!
Quiver which item? (- for none, * to show all) (? for menu, Esc to quit)
Quivering
y - 15 sling bullets for slings.
Firing (i - inventory. (/) - cycle)
y - 15 sling bullets (quivered)
Press: ? - help, Shift-Dir - straight line, f/p - ogre
Aim: an ogre, wielding a +0 giant spiked club (severely wounded, poisoned)
You shoot a sling bullet. The sling bullet hits the ogre!
The ogre is almost dead.
The ogre hits you with a +0 giant spiked club!!
You die...

≈≈≈≈#≈.≈...≈≈...≈≈.## ≈
#(###.####.#.#### #((##.#
#.#....# .. ##(...#
#.#.##.# ...
#((.######.####.# #.#
#[.># #<#.####.# #..#
##.(#####.#.#.[..#
#...###...#...#.#.#.######
#.........#.#@#.#......#
#.........#.O.#.#..##.##
#....<....#####.#..##.#
#...........###.#<.##.#
#...............##.##.#
#........##...........#
#........###.......####
#.....)..#....##...#
######.###.#..##.#.#


You could see an ogre.

Vanquished Creatures
  Menkaure (D:4)
  A necrophage (D:5)
  A howler monkey (D:4)
  A bullfrog skeleton (D:4)
  Jessica (D:3)
  A worker ant (D:4)
  A hound skeleton (D:4)
  6 gnolls
  8 adders
  2 worms
  2 dart slugs
  6 leopard geckos
  8 orcs
  4 giant cockroaches
  8 hobgoblins
  A ball python (D:1)
  10 bats
  5 frilled lizards
  14 goblins
  5 kobolds
  4 rats
90 creatures vanquished.

Notes
Turn   | Place    | Note
-------+----------+-------------------------------------------
     0 | D:1      | KapersCrawl the Human Gladiator began the quest for the
                  | Orb.
     0 | D:1      | Reached XP level 1. HP: 16/16 MP: 1/1
   200 | D:1      | Reached XP level 2. HP: 18/22 MP: 2/2
   571 | D:1      | Reached skill level 1 in Stealth
   601 | D:1      | Reached skill level 1 in Armour
   636 | D:1      | Reached XP level 3. HP: 28/28 MP: 3/3
  1144 | D:2      | Found a faded altar of an unknown god.
  1218 | D:1      | Reached XP level 4. HP: 10/34 MP: 4/4
  2049 | D:2      | Reached XP level 5. HP: 37/40 MP: 5/5
  2605 | D:2      | Reached skill level 1 in Shields
  2779 | D:2      | Found a runed translucent door.
  2780 | D:2      | Noticed Crazy Yiuf
  3601 | D:3      | Reached XP level 6. HP: 47/47 MP: 6/6
  3711 | D:3      | Noticed Jessica
  3720 | D:3      | Killed Jessica
  3799 | D:3      | Found a snail-covered altar of Cheibriados.
  3799 | D:3      | Found an ancient bone altar of Kikubaaqudgha.
  3802 | D:3      | Found a hazy altar of Hepliaklqana.
  3805 | D:3      | Found a white marble altar of Elyvilon.
  3808 | D:3      | Became a worshipper of Cheibriados the Contemplative
  4121 | D:4      | Noticed Menkaure
  4149 | D:4      | Noticed Edmund
  4224 | D:4      | Killed Menkaure
  4224 | D:4      | Reached skill level 1 in Invocations
  4224 | D:4      | Reached XP level 7. HP: 53/53 MP: 6/8
  4284 | D:4      | Noticed Eustachio
  4574 | D:4      | Found a stormy altar of Qazlal.
  5036 | D:5      | Entered Level 5 of the Dungeon
  5215 | D:5      | Slain by an ogre

Levels and vault maps discovered:
D:1:      minmay_arrival_plants_in_alcoves, layout_basic,
          chequers_serial_rivers_room_b
D:2:      layout_basic, chequers_ecumenical_altar_simple,
          uniq_crazy_yiuf_cottage
D:3:      layout_basic, minitemple, uniq_jessica
D:4:      layout_basic, first_ration, grunt_qazlal_sundering, uniq_eustachio,
          uniq_menkaure, uniq_edmund
D:5:      layout_basic, minmay_temple_entry_hall, serial_rivers,
          chequers_serial_rivers_micro_b, chequers_serial_rivers_small_a,
          chequers_serial_rivers_micro_c, chequers_serial_rivers_large_a

Skill      XL: |  1  2  3  4  5  6  7 |
---------------+----------------------+-----
Stealth        | 1 2 3 |  3.5
Armour         | 1 2 |  2.0
Fighting       | 3 4 |  4.0
Shields        | 1 2 |  2.7
Staves         | 4 |  4.6
Invocations    | 1 2 |  2.0
Throwing       | |  2.0
Dodging        | |  3.0

Action                   |  1- 3 |  4- 6 |  7- 9 || total
-------------------------+-------+-------+-------++-------
Melee: Quarterstaff      |    27 |       |       ||    27
       Dagger            |    70 |   107 |       ||   177
       Whip              |       |       |     7 ||     7
 Fire: Hunting sling     |       |    70 |    61 ||   131
Throw: Stone             |     2 |     6 |       ||     8
       Throwing net      |     1 |       |       ||     1
       Dart              |       |       |     7 ||     7
Invok: Bend Time         |       |       |     3 ||     3
Evoke: Wand              |       |       |     1 ||     1
  Use: Potion            |     1 |     1 |       ||     2
       Scroll            |     1 |     5 |       ||     6
 Stab: Sleeping          |     2 |     1 |       ||     3
  Eat: Chunk             |     1 |     9 |     2 ||    12
       Ration            |       |       |     1 ||     1
Armor: Leather armour    |    35 |    28 |     4 ||    67
       Skin              |     6 |     7 |       ||    13
Dodge: Dodged            |    86 |    74 |    38 ||   198

Table legend:
 A = Non-vault XP
 B = Vault XP
 C = Vault XP percentage of total XP
 D = Non-vault monster count
 E = Vault monster count
 F = Vault count percentage of total count
                 A         B        C        D         E       F
            +---------+---------+-------+---------+---------+-------
      Total |     606 |     194 |  24.2 |      88 |       2 |   2.2
            +---------+---------+-------+---------+---------+-------
        D:1 |      88 |       0 |   0.0 |      37 |       0 |   0.0
        D:2 |     122 |       0 |   0.0 |      19 |       0 |   0.0
        D:3 |      77 |      37 |  32.5 |      17 |       1 |   5.6
        D:4 |     174 |     157 |  47.4 |       7 |       1 |  12.5
        D:5 |     145 |       0 |   0.0 |       8 |       0 |   0.0
            +---------+---------+-------+---------+---------+-------
